 Dungeon Crawl Stone Soup version 0.31-a0-216-g22e908daa7 (webtiles) character file.

Game seed: 13399847401194725901

1470 fuyune the Cudgeller (level 8, -1/51 HPs)
             Began as a Gargoyle Berserker on July 2, 2023.
             Was a Priest of Trog.
             Slain by an ogre
             ... wielding a +0 giant club
              (27 damage)
             ... on level 6 of the Dungeon.
             The game lasted 00:08:21 (5121 turns).

fuyune the Cudgeller (Gargoyle Berserker)           Turns: 5121, Time: 00:08:21

Health: -1/51      AC: 19    Str: 22    XL:     8   Next: 78%
Magic:  8/8        EV: 11    Int:  9    God:    Trog [***...]
Gold:   332        SH:  4    Dex:  9    Spells: 7/7 levels left

rFire   . . .        s - +4 scimitar
rCold   . . .        n - +0 buckler
rNeg    + . .        j - +0 plate armour
rPois   ∞            u - +0 helmet
rElec   +            (no cloak)
rCorr   .            (no gloves)
SInv    .            (no boots)
Will    ++...        (no amulet) Stlth
                     h - +5 ring of evasion
HPRegen 1.28/turn    (no ring)
MPRegen 0.11/turn

%: no passive effects
@: strong-willed, regenerating
A: sickness immunity, AC +5, negative energy resistance 1, electricity
resistance, torment resistance 1, petrification resistance
a: Renounce Religion, Berserk, Trog's Hand


You were on level 6 of the Dungeon.
You worshipped Trog.
Trog was most pleased with you.
You visited 1 branch of the dungeon, and saw 6 of its levels.

You collected 332 gold pieces.

Inventory:

Hand Weapons
 a - a +0 mace
 l - a +0 hand axe of freezing
 s - a +4 scimitar (weapon)
Armour
 j - a +0 plate armour (worn)
 n - a +0 buckler (worn)
 u - a +0 helmet (worn)
Jewellery
 h - a +5 ring of evasion (left hand)
Wands
 r - a wand of paralysis (18)
 t - a wand of mindburst (13)
Scrolls
 d - 3 scrolls of revelation {unknown}
 e - a scroll of fog {unknown}
 i - 9 scrolls of identify {unknown}
 m - 4 scrolls of teleportation {unknown}
 o - a scroll of amnesia {unknown}
Potions
 b - a potion of attraction {unknown}
 c - a potion of might {unknown}
 k - 2 potions of invisibility
 p - 2 potions of ambrosia {unknown}
 q - 2 potions of enlightenment {unknown}


   Skills:
 + Level 6.0 Fighting
 + Level 2.2 Long Blades
 + Level 7.0 Maces & Flails
 * Level 6.4 Armour
 + Level 2.0 Dodging
 + Level 0.6 Stealth
 + Level 2.5 Shields


You had 7 spell levels left.
You didn't know any spells.
Your spell library was empty.

Dungeon Overview and Level Annotations

Branches:
Dungeon (6/15)
 Temple: D:4-7

Altars:
Ashenzari
Dithmenos
Elyvilon
Gozag
Trog
Yredelemnul

Annotations:
D:6 Dowan


Innate Abilities, Weirdness & Mutations

You are immune to sickness and miasma.
Your stone body is resilient. (AC +5)
You are immune to poison.
You resist negative energy. (rN+)
You are resistant to electric shocks. (rElec)
You are resistant to unholy torment.
You are immune to petrification.


Message History

You barely miss Duvessa.
Duvessa is heavily wounded.
Duvessa hits you with a +2 rapier of venom.
Duvessa says, "When magic and the sword combine, nothing stands against them."
Duvessa hits you but does no damage.
You hit Duvessa.
Duvessa is severely wounded.
Duvessa closely misses you.
Dowan gestures at Duvessa while chanting.
Duvessa seems to speed up.
You slash Duvessa!
Duvessa is almost dead.
Duvessa hits you but does no damage.
Duvessa hits you with a +2 rapier of venom.
You barely miss Duvessa.
Duvessa is almost dead.
Duvessa hits you but does no damage.
Duvessa hits you with a +2 rapier of venom.
You slash Duvessa!
You kill Duvessa!
Trog accepts your kill.
Dowan seems overcome with grief.
Dowan seems to find hidden reserves of power!
Dowan closely misses you.
Your Fighting skill increases to level 6!
Your Long Blades skill increases to level 2!
Your skin crawls.
You feel strong-willed. Dowan hits you with a +4 dagger.
Dowan barely misses you.
You hit Dowan.
Dowan is lightly wounded.
Dowan hits you but does no damage. Dowan closely misses you.
You closely miss Dowan.
Dowan is lightly wounded.
Dowan gestures wildly while chanting.
Dowan blinks!
You barely miss the ogre.
The ogre hits you with a +0 giant club!!
Ouch! That really hurt!
You die...

#..........# ####
####..........######...
#.........###........##
#.........# #.......##
#.........# #########
#.....e...#####
#...#'''#.....#####
#...#...#...#.....# #.
#≈@≈#.#..###### #
#≈O≈#.##......# ##
#§.≈#.######### #.
#§.≈#.# ## #§.≈###
#≈.§# #...# .....


You could see an ogre and Dowan (fast).

Vanquished Creatures
  A water moccasin (D:5)
  Duvessa (D:6)
  A black bear (D:5)
  A centaur (D:5)
  The ghost of Olga the Slasher, an amateur TeGl (D:3)
  3 necrophages (D:5)
  2 scorpions
  A water moccasin zombie (D:5)
  2 wights (D:5)
  A centaur zombie (D:5)
  A hound (D:6)
  A human zombie (D:5)
  An orc priest (D:4)
  2 bullfrog zombies (D:5)
  4 sleepcaps
  Natasha (D:4)
  An iguana (D:5)
  A mummy (D:5)
  A howler monkey zombie (D:5)
  12 adders
  A shadow imp (D:5)
  An ufetubus (D:3)
  3 worms
  2 dart slugs
  4 orcs (D:4)
  5 ball pythons
  6 bats
  8 endoplasms
  A giant cockroach (D:1)
  5 goblins
  5 hobgoblins
  9 jackals
  2 quokkas
  4 frilled lizards (D:2)
  4 kobolds
  3 rats
102 creatures vanquished.

Notes
Turn   | Place    | Note
-------+----------+-------------------------------------------
     0 | D:1      | fuyune the Gargoyle Berserker began the quest for the Orb.
     0 | D:1      | Reached XP level 1. HP: 14/14 MP: 1/1
   135 | D:1      | Reached XP level 2. HP: 19/19 MP: 2/2
   515 | D:2      | Reached XP level 3. HP: 11/24 MP: 3/3
   695 | D:2      | Found a white marble altar of Elyvilon.
   809 | D:2      | Reached ** piety under Trog
  1066 | D:2      | Reached XP level 4. HP: 29/29 MP: 4/4
  1076 | D:2      | Reached skill level 4 in Maces & Flails
  1367 | D:3      | Found a transporter.
  1550 | D:3      | You fall into a shaft and drop 1 floor!
  1669 | D:4      | Noticed Natasha
  1778 | D:4      | Noticed a scorpion
  1795 | D:4      | Killed a scorpion
  1796 | D:4      | Reached XP level 5. HP: 16/33 MP: 5/5
  2013 | D:4      | Reached skill level 5 in Maces & Flails
  2013 | D:4      | Reached XP level 6. HP: 33/39 MP: 6/6
  2377 | D:4      | Killed Natasha
  2785 | D:3      | Found a bloodstained altar of Trog.
  2807 | D:3      | Noticed Olga's ghost (amateur TeGl)
  2810 | D:3      | Found a transporter.
  2837 | D:3      | Killed Olga's ghost
  2847 | D:3      | Reached skill level 5 in Fighting
  2972 | D:3      | Found a broken altar of Ashenzari.
  3348 | D:5      | Entered Level 5 of the Dungeon
  3370 | D:5      | Reached XP level 7. HP: 42/44 MP: 7/7
  3577 | D:5      | Reached skill level 6 in Maces & Flails
  3577 | D:5      | Reached skill level 1 in Shields
  3640 | D:5      | Found an opulent altar of Gozag.
  3832 | D:5      | Reached skill level 5 in Armour
  4251 | D:5      | Found a basalt altar of Yredelemnul.
  4260 | D:5      | Reached XP level 8. HP: 43/50 MP: 8/8
  4381 | D:5      | Reached *** piety under Trog
  4441 | D:5      | Reached skill level 7 in Maces & Flails
  4478 | D:5      | Reached skill level 1 in Long Blades
  4639 | D:6      | Found a shadowy altar of Dithmenos.
  5096 | D:6      | Noticed Duvessa
  5099 | D:6      | Noticed Dowan
  5117 | D:6      | Killed Duvessa
  5121 | D:6      | Slain by an ogre

Illustrated notes

Levels and vault maps discovered:
D:1:      spicycebolla_arrival_ecumenical, layout_rooms, minmay_misc_feat_chi,
          minmay_misc_feat_tiny, minmay_pentomino_r4
D:2:      layout_loops_ring, basic_altar, nicolae_figureground_pulse
D:3:      layout_basic, mainiacjoe_overflow_surrounded_room,
          nicolae_ashenzari_panopticon, gammafunk_ghost_arena,
          kennysheep_small_spiral
D:4:      cheibrodos_helix_gallery, layout_basic, uniq_natasha
D:5:      layout_gridville, amcnicky_altar_gilded,
          lemuel_mausoleum_altar_yredelemnul
D:6:      layout_rooms, grunt_dithmenos_smoke_and_mirrors,
          kennysheep_cross_bottleneck, lemuel_flamethrower_1, uniq_duvessa

Skill      XL: |  1  2  3  4  5  6  7  8 |
---------------+-------------------------+-----
Maces & Flails | 4 5 6 7 |  7.0
Fighting       | 4 5 6 |  6.0
Armour         | 3 4 5 6 |  6.4
Shields        | 1 2 |  2.5
Dodging        | 2 |  2.0
Long Blades    | 2 |  2.2
Stealth        | |  0.6

Action                     |  1- 3 |  4- 6 |  7- 9 || total
---------------------------+-------+-------+-------++-------
  Melee: Mace              |   139 |   181 |   131 ||   451
         Punch             |     1 |     2 |       ||     3
         Scimitar          |       |       |   106 ||   106
 Invoke: Trog's Hand       |       |       |     2 ||     2
    Use: Scroll            |       |     1 |       ||     1
         Potion            |       |     1 |       ||     1
 Armour: Animal skin       |    17 |       |       ||    17
         Ring mail         |    15 |       |       ||    15
         Plate armour      |    68 |   155 |   134 ||   357
  Dodge: Dodged            |    97 |   144 |   137 ||   378
  Block: Buckler           |       |    18 |    43 ||    61

Table legend: (Time is in decaauts)
 A = Elapsed time spent in this place.
 B = Non-inter-level travel time spent in this place.
 C = Inter-level travel time spent in this place.
 D = Time resting spent in this place.
 E = Time spent auto-exploring this place.
 F = Levels seen in this place.
 G = Mean time per level.
                   A        B        C        D        E       F      G
               +--------+--------+--------+--------+--------+-----+--------+
         Total |   5246 |   5075 |    171 |      0 |   3822 |   6 |  874.3 |
       Dungeon |   5246 |   5075 |    171 |      0 |   3822 |   6 |  874.3 |
               +--------+--------+--------+--------+--------+-----+--------+

Top non-repeatable levels by time:
     D:5: 1331 daAuts
     D:3: 1059 daAuts
     D:4: 952 daAuts
     D:2: 949 daAuts
     D:6: 499 daAuts
     D:1: 454 daAuts
